 Dungeon Crawl Stone Soup version 0.27-a0-1591-gc56fcc985a (webtiles) character file.

Game seed: 1415870586260088805

2023 Conn the Firebug (level 9, -6/53 HPs)
             Began as an Octopode Fire Elementalist on July 19, 2021.
             Was an Initiate of Sif Muna.
             Mangled by Harold (8 damage)
             ... on level 7 of the Dungeon.
             The game lasted 00:20:14 (9672 turns).

Conn the Firebug (Octopode Fire Elementalist)       Turns: 9672, Time: 00:20:15

Health: -6/53      AC:  1    Str:  8    XL:     9   Next: 23%
Magic:  8/15       EV:  7    Int: 20    God:    Sif Muna [......]
Gold:   389        SH:  0    Dex: 12    Spells: 5/16 levels left

rFire    . . .     SeeInvis .   n - +2 dagger (spect)
rCold    . . .     Faith    .   (no shield)
rNeg     . . .     Spirit   .   (helmet restricted)
rPois    .         Reflect  .   (no amulet)
rElec    .         Harm     .   (no ring)
rCorr    .         Rampage  .   (no ring)
Will     .....                  (no ring)
Stlth    ++++......             (no ring)
HPRegen  0.17/turn              (no ring)
MPRegen  0.14/turn              (no ring)
                                (no ring)
                                (no ring)

@: mighty, marked, held
A: almost no armour, amphibious, 8 rings, camouflage 1, gelatinous body 1,
(nimble swimmer 1), tentacles
a: Renounce Religion


You were on level 7 of the Dungeon.
You worshipped Sif Muna.
Sif Muna was noncommittal.
You visited 1 branch of the dungeon, and saw 7 of its levels.

You collected 389 gold pieces.

Inventory:

Hand Weapons
 b - a +0 dagger
 n - a +2 spectral dagger (weapon)
 q - a +1 dagger of freezing
Missiles
 e - 3 atropa-tipped darts
 l - 17 poisoned darts
Armour
 a - a +0 buckler
Magical Staves
 i - a staff of cold
Jewellery
 c - an amulet of magic regeneration
Wands
 g - a wand of digging (5)
 h - a wand of iceblast (4)
 r - a wand of polymorph (17)
Scrolls
 j - 3 scrolls of identify
 k - a scroll of teleportation
 p - a scroll of magic mapping
 s - a scroll of enchant weapon
 t - a scroll of blinking {unknown}
Potions
 d - 2 potions of flight
Miscellaneous
 o - a piece from Xom's chessboard (15/15)


   Skills:
 + Level 1.4 Fighting
 + Level 1.2 Short Blades
 + Level 3.2 Dodging
 + Level 4.7 Stealth
 * Level 4.8 Shields
 + Level 0.1 Unarmed Combat
 + Level 4.1 Spellcasting
 * Level 5.5 Conjurations
 * Level 6.9 Fire Magic
 * Level 2.4 Invocations


You had 5 spell levels left.
You knew the following spells:

 Your Spells              Type           Power      Damage    Failure   Level
a - Foxfire               Conj/Fire      100%       2x1d9     1%          1
b - Conjure Flame         Conj/Fire      29%        6-21      3%          3
c - Inner Flame           Hex/Fire       18%        N/A       9%          3
d - Sticky Flame          Conj/Fire      29%        2d5       10%         4

Your spell library contained the following spells:

 Spells                   Type           Power      Damage    Failure   Level
 Static Discharge         Conj/Air       15%        N/A       6%          2
 Fireball                 Conj/Fire      14%        3d8       26%         5
 Gell's Gravitas          Tloc           2%         N/A       36%         3
 Teleport Other           Tloc           4%         N/A       36%         3
 Lightning Bolt           Conj/Air       7%         1d20      75%         5
 Dispersal                Tloc           2%         N/A       100%        6
 Maxwell's Capacitive Co  Air            2%         ∞         100%        8


Dungeon Overview and Level Annotations

Branches:
Dungeon (7/15)
 Temple: D:4-7

Altars:
Elyvilon
Kikubaaqudgha
Makhleb
Nemelex Xobeh
Qazlal
Ru
Sif Muna
Xom
Yredelemnul

Shops:
D:5 :*[*

Annotations:
D:7 Harold


Innate Abilities, Weirdness & Mutations

You cannot wear most types of armour.
You are amphibious.
You can wear up to eight rings at the same time.
Your skin changes colour to match your surroundings (Stealth+).
Your rubbery body absorbs attacks. (AC +1, EV +1)
((You are camouflaged near water. (Stealth+)))
You have tentacles for arms and can constrict up to eight enemies at once.


Message History

Confirm with . or Enter, or press ? or * to list all spells.
Aiming: Inner Flame (dangerous; 9% risk of failure)
Press: ? - help, Shift-Dir - straight line, f/p - Harold
Aim: Harold, wielding a +0 battleaxe and wearing a +3 chain mail of cold resistance (heavily wounded, covered in liquid flames, chance to affect: 40%) Harold resists with some effort.
You feel less invigorated.
Harold burns!
Casting: Inner Flame (dangerous; 9% risk of failure)
Confirm with . or Enter, or press ? or * to list all spells.
Aiming: Sticky Flame (dangerous; 10% risk of failure)
Press: ? - help, Shift-Dir - straight line, f/p - Harold
Aim: Harold, wielding a +0 battleaxe and wearing a +3 chain mail of cold resistance (severely wounded, covered in liquid flames, 100% to hit)
The sticky flame hits Harold.
Harold is severely wounded.
Harold is covered in liquid flames!
Harold burns!
Harold hits you with a +0 battleaxe!!
* * * LOW HITPOINT WARNING * * *
You feel much better.
Harold burns!
Harold hits you with a +0 battleaxe!!
* * * LOW HITPOINT WARNING * * *
You feel much better.
Harold burns!
Harold hits you with a +0 battleaxe!!
* * * LOW HITPOINT WARNING * * *
Okay, then.
Okay, then.
Unknown command.
You feel much better.
Harold burns!
Harold says, "I was hoping my final job would be more of a challenge, but money is money."
Harold hits you with a +0 battleaxe!!
You struggle against the net.
Harold burns!
Harold barely misses you.
You struggle against the net.
Harold burns!
Harold hits you with a +0 battleaxe!!
* * * LOW HITPOINT WARNING * * *
Unknown command.
Casting: Sticky Flame (dangerous; 10% risk of failure)
Confirm with . or Enter, or press ? or * to list all spells.
Aiming: Sticky Flame (dangerous; 10% risk of failure)
Press: ? - help, Shift-Dir - straight line, f/p - Harold
Aim: Harold, wielding a +0 battleaxe and wearing a +3 chain mail of cold resistance (almost dead, covered in liquid flames, 100% to hit)
The sticky flame hits Harold.
Harold is almost dead.
Harold is covered in liquid flames!
Harold burns!
Harold hits you with a +0 battleaxe!
You die...

#....#.##.#####..###...#.# #.
#....#.##................###.
######.##....................
#.......###.###.#....##.
#.##.##.###.# #.##......
####...........# #.##......
#.......##.###.# #.##.>####
#.##.##.##@# #.###.##†.####
#.##.##.##@###.............
#.##...............##..####
#.....#.###.##########.#
####..#.# #.# ### #..#.# #.#
#..### #.# #..# #.#
#.######.# #........#


You could see Harold (burning).

Vanquished Creatures
  Eustachio (D:5)
  Duvessa (D:4)
  A black bear (D:6)
  4 ogres
  2 necrophages
  2 phantoms
  2 bullfrogs
  A scorpion (D:5)
  2 jellies (D:5)
  A centaur zombie (D:5)
  2 orc priests
  3 hounds
  A bullfrog skeleton (D:4)
  A centaur skeleton (D:5)
  Crazy Yiuf (D:5)
  Jessica (D:3)
  Ijyb (D:5)
  4 orc wizards
  4 iguanas
  A hound skeleton (D:4)
  3 gnolls (D:4)
  5 adders
  2 white imps (D:6)
  11 dart slugs
  21 orcs
  3 ball pythons
  6 bats
  7 endoplasms
  5 giant cockroaches
  10 goblins
  11 hobgoblins
  4 jackals (D:1)
  4 quokkas
  5 frilled lizards
  5 kobolds
  5 rats
143 creatures vanquished.

Vanquished Creatures (collateral kills)
  Dowan (D:4)
1 creature vanquished.

Vanquished Creatures (others)
  511 foxfires
511 creatures vanquished.

Grand Total: 655 creatures vanquished

Notes
Turn   | Place    | Note
-------+----------+-------------------------------------------
     0 | D:1      | Conn the Octopode Fire Elementalist began the quest for the
                  | Orb.
     0 | D:1      | Reached XP level 1. HP: 11/11 MP: 3/3
   217 | D:1      | Reached XP level 2. HP: 14/17 MP: 0/5
   919 | D:1      | Reached XP level 3. HP: 21/21 MP: 6/6
   925 | D:1      | Learned a level 3 spell: Conjure Flame
   936 | D:1      | Reached skill level 1 in Shields
  1850 | D:2      | Found a faded altar of an unknown god.
  1928 | D:2      | Reached XP level 4. HP: 27/27 MP: 5/7
  2820 | D:3      | Reached skill level 4 in Fire Magic
  2820 | D:3      | Reached XP level 5. HP: 7/31 MP: 3/8
  3154 | D:3      | Noticed an ogre
  3187 | D:3      | Killed an ogre
  3188 | D:3      | Reached XP level 6. HP: 36/36 MP: 0/10
  3274 | D:3      | Learned a level 3 spell: Inner Flame
  3372 | D:3      | Found a burning altar of Makhleb.
  3372 | D:3      | Found a sparkling altar of Nemelex Xobeh.
  3374 | D:3      | Found a white marble altar of Elyvilon.
  3388 | D:3      | Found a basalt altar of Yredelemnul.
  3392 | D:3      | Found an ancient bone altar of Kikubaaqudgha.
  3463 | D:3      | Noticed Jessica
  3469 | D:3      | Killed Jessica
  4262 | D:4      | Found a stormy altar of Qazlal.
  4283 | D:4      | Noticed Duvessa
  4283 | D:4      | Noticed Dowan
  4300 | D:4      | Killed Duvessa
  4301 | D:4      | Reached skill level 5 in Fire Magic
  4301 | D:4      | Reached XP level 7. HP: 41/41 MP: 6/11
  4304 | D:4      | Killed Dowan
  4747 | D:5      | Entered Level 5 of the Dungeon
  5093 | D:5      | Found a shimmering blue altar of Sif Muna.
  5261 | D:5      | HP: 2/40 [necrophage (3)]
  5300 | D:5      | Noticed Ijyb
  5304 | D:5      | Found Hixagh's Lightly-Used Armoury.
  6380 | D:6      | Reached skill level 1 in Short Blades
  6651 | D:5      | Learned a level 4 spell: Sticky Flame
  6688 | D:5      | Reached XP level 8. HP: 45/45 MP: 9/12
  6874 | D:5      | Found a sacrificial altar of Ru.
  6893 | D:5      | Reached skill level 1 in Fighting
  6942 | D:5      | Became a worshipper of Sif Muna the Loreminder
  7097 | D:5      | Killed Ijyb
  7099 | D:5      | Found Kyoriulo's Book Boutique.
  7107 | D:5      | Found Megie's Antique Armour Emporium.
  7161 | D:5      | Noticed Eustachio
  7178 | D:5      | Killed Eustachio
  7179 | D:5      | Reached skill level 1 in Invocations
  7277 | D:5      | Reached skill level 6 in Fire Magic
  7325 | D:5      | Found Xerphasu's Elemental Accessories.
  7364 | D:5      | Found a runed translucent door.
  7365 | D:5      | Noticed Crazy Yiuf
  7748 | D:5      | Killed Crazy Yiuf
  8283 | D:6      | Reached skill level 5 in Conjurations
  8398 | D:6      | Reached XP level 9. HP: 53/53 MP: 11/15
  9020 | D:7      | Reached * piety under Sif Muna
  9308 | D:7      | Found a shimmering altar of Xom.
  9637 | D:7      | Noticed Harold
  9671 | D:7      | HP: 2/53 [Harold (23)]
  9672 | D:7      | Mangled by Harold

Illustrated notes

Levels and vault maps discovered:
D:1:      dpeg_arrival_stonehenge_8_columns, layout_basic, corexii_corridor_pit,
          minivault_24, st_stairs_12
D:2:      layout_basic, basic_ecumenical_altar, grunt_ministairs_1
D:3:      kennysheep_slugbush, layout_basic, grunt_temple_overflow_open,
          uniq_jessica
D:4:      layout_basic, mainiacjoe_overflow_24_doors, uniq_duvessa
D:5:      layout_loops_ring, kennysheep_mini_moat,
          mainiacjoe_overflow_small_starburst,
          amcnicky_mini_rare_corridor_liquid, hellmonk_bongcloud_opening,
          minmay_misc_feat_columns, nicolae_wooded_promenade,
          minmay_shop_damaged, nicolae_elemental_shop, uniq_ijyb,
          uniq_crazy_yiuf_cottage, uniq_eustachio
D:6:      layout_basic
D:7:      layout_basic, mainiacjoe_overflow_catwalk,
          minmay_temple_entry_offerings, ebering_ghost_xom, lemuel_flame_loot_1,
          uniq_harold

Skill      XL: |  1  2  3  4  5  6  7  8 |
---------------+-------------------------+-----
Shields        | 1 2 3 4 |  4.8
Stealth        | 3 4 |  4.7
Fire Magic     | 4 5 6 |  6.9
Conjurations   | 2 3 5 |  5.5
Spellcasting   | 3 4 |  4.1
Short Blades   | 1 |  1.2
Fighting       | 1 |  1.4
Dodging        | 3 |  3.2
Invocations    | 2 |  2.4
Unarmed Combat | |  0.1

Action                   |  1- 3 |  4- 6 |  7- 9 || total
-------------------------+-------+-------+-------++-------
Melee: Unarmed           |     9 |       |       ||     9
       Constrict         |     5 |     3 |    14 ||    22
       Tentacles         |     5 |     2 |     7 ||    14
       Dagger            |    23 |    15 |    59 ||    97
 Cast: Foxfire           |    57 |    88 |   148 ||   293
       Inner Flame       |       |     1 |     3 ||     4
       Conjure Flame     |       |       |     7 ||     7
       Sticky Flame      |       |       |     7 ||     7
Invok: Channel Magic     |       |       |     1 ||     1
  Use: Scroll            |       |     6 |     6 ||    12
       Potion            |       |       |    12 ||    12
 Stab: Sleeping          |     2 |     3 |     6 ||    11
Armor: Skin              |     5 |     3 |    30 ||    38
Dodge: Dodged            |    27 |    25 |    63 ||   115

Table legend: (Time is in decaauts)
 A = Elapsed time spent in this place.
 B = Non-inter-level travel time spent in this place.
 C = Inter-level travel time spent in this place.
 D = Time resting spent in this place.
 E = Time spent auto-exploring this place.
 F = Levels seen in this place.
 G = Mean time per level.
                   A        B        C        D        E       F      G
               +--------+--------+--------+--------+--------+-----+--------+
         Total |   9670 |   9402 |    268 |   1631 |   5855 |   7 | 1381.4 |
       Dungeon |   9670 |   9402 |    268 |   1631 |   5855 |   7 | 1381.4 |
               +--------+--------+--------+--------+--------+-----+--------+

Top non-repeatable levels by time:
     D:5: 2032 daAuts
     D:3: 1765 daAuts
     D:1: 1653 daAuts
     D:4: 1553 daAuts
     D:6: 1166 daAuts
     D:2: 797 daAuts
     D:7: 699 daAuts
